 Dungeon Crawl Stone Soup version 0.21.1-1-g345015fe64 (webtiles) character file.

426024 DobroLive the Peltast (level 23, -4/146 HPs)
             Began as a Gargoyle Fighter on Mar 5, 2018.
             Was the Champion of Okawaru.
             Killed by Shatter
             ... invoked by topfpfpflanze's ghost
              (92 damage)
             ... on level 5 of the Vaults on Mar 7, 2018.
             The game lasted 11:36:36 (41768 turns).

DobroLive the Peltast (Gargoyle Fighter)           Turns: 41768, Time: 11:36:50

Health: -4/146     AC: 43    Str: 18    XL:     23   Next: 81%
Magic:  38/46      EV: 25    Int: 13    God:    Okawaru [******]
Gold:   2117       SH: 15    Dex: 18    Spells: 29/43 levels left

rFire    + + +     SeeInvis +   Z - +11 morningstar of Perfectionism {freeze, rPois Dex+3}
rCold    + + +     Gourm    .   A - +0 buckler "Huech" {*Drain rPois rF+++ rC+}
rNeg     + . .     Faith    .   L - +1 ring mail "Vucu" {rC++ MR+++ Regen+ Str-5}
rPois    ∞         Spirit   .   F - +2 helmet {SInv}
rElec    +         Reflect  +   w - scarf {cloud immunity}
rCorr    +         Harm     .   X - +0 pair of gloves of an ossuary {Slay+2}
MR       +++++                  T - +2 pair of boots "Beosacwefe" {*Drain rElec rCorr}
Stlth    ++++......             O - +4 amulet of reflection
HPRegen  0.74/turn              a - ring of the Octopus King {MP+9 AC+1 EV+1 Str+1 Int+1 Dex+1}
MPRegen  0.30/turn              e - +6 ring of protection

@: heroism, shrouded (expiring), studying Spellcasting
A: big wings, cold resistance 1, magic resistance 1, negative energy resistance
1, electricity resistance, unbreathing, petrification resistance, rot immunity,
AC +17
}: 2/15 runes: barnacled, gossamer
a: Fly, Heroism, Finesse, Renounce Religion


You were on level 5 of the Vaults.
You worshipped Okawaru.
Okawaru was exalted by your worship.
You were not hungry.

You visited 10 branches of the dungeon, and saw 42 of its levels.
You also visited: Volcano.

You collected 5598 gold pieces.
You spent 3481 gold pieces at shops.

Inventory:

Hand Weapons
 B - the +6 mace of Parts Unknown {vamp, rN+ Dex+4 Stlth+}
   (You found it on level 3 of the Elven Halls)

   It inflicts no extra harm, but heals its wielder when it wounds a living foe.
   It affects your dexterity (+4).
   It protects you from negative energy.
   It makes you more stealthy.
 Z - the +11 morningstar of Perfectionism (weapon) {freeze, rPois Dex+3}
   (You found it on level 3 of the Lair of Beasts)

   It has been specially enchanted to freeze those struck by it, causing extra
   injury to most foes and up to half again as much damage against particularly
   susceptible opponents.
   It can also slow down cold-blooded creatures.
   It affects your dexterity (+3).
   It protects you from poison.
Missiles
 H - 18 javelins of returning (quivered)
Armour
 s - a scarf of repulsion
 w - a scarf of cloud immunity (worn)
 A - the +0 buckler "Huech" (worn) {*Drain rPois rF+++ rC+}
   (You bought it in a shop on level 4 of the Vaults)

   It renders you almost immune to fire.
   It protects you from cold.
   It protects you from poison.
   It causes draining when unequipped.
 F - a +2 helmet of see invisible (worn)
 L - the +1 ring mail "Vucu" (worn) {rC++ MR+++ Regen+ Str-5}
   (You bought it in a shop on level 8 of the Dungeon)

   It affects your strength (-5).
   It greatly protects you from cold.
   It affects your resistance to hostile enchantments.
   It increases your rate of regeneration.
 N - a +2 shield of reflection
 R - the +0 cloak of Panuisos {rElec rN+++ Int-3 Stlth+}
   (You acquired it on level 4 of the Spider Nest)

   It affects your intelligence (-3).
   It insulates you from electricity.
   It renders you almost immune to negative energy.
   It makes you more stealthy.
 T - the +2 pair of boots "Beosacwefe" (worn) {*Drain rElec rCorr}
   (Okawaru gifted it to you on level 10 of the Dungeon)

   It insulates you from electricity.
   It protects you from acid and corrosion.
   It causes draining when unequipped.
 X - the +0 pair of gloves of an ossuary (worn) {Slay+2}
   (Okawaru gifted it to you on level 12 of the Dungeon)

   It affects your accuracy and damage with ranged weapons and melee attacks
   (+2).
Jewellery
 a - a ring of the Octopus King (left hand) {MP+9 AC+1 EV+1 Str+1 Int+1 Dex+1}
   (You found it on level 10 of the Dungeon)

   [ring of magical power]

   It affects your AC (+1).
   It affects your evasion (+1).
   It affects your strength (+1).
   It affects your intelligence (+1).
   It affects your dexterity (+1).
   It affects your magic capacity (+9).
 e - a +6 ring of protection (right hand)
 m - a +4 ring of evasion
 v - an uncursed amulet of regeneration
 z - an uncursed ring of resist corrosion
 G - an uncursed ring of fire
 K - a +3 ring of slaying
 O - a +4 amulet of reflection (around neck)
Wands
 l - a wand of clouds (16)
 C - a wand of paralysis (43)
 E - a wand of polymorph (36)
 M - a wand of random effects (109)
 Q - a wand of iceblast (7)
 S - a wand of disintegration (43)
Scrolls
 c - 3 scrolls of enchant weapon
 h - 5 scrolls of immolation
 k - 3 scrolls of brand weapon
 o - 13 scrolls of remove curse
 y - 11 scrolls of fear
 J - 3 scrolls of identify
 P - 6 scrolls of magic mapping
 V - 2 scrolls of silence
 Y - 15 scrolls of teleportation
Potions
 d - 5 potions of might
 g - 6 potions of cancellation
 i - 11 potions of brilliance
 j - 4 potions of resistance
 n - a potion of berserk rage
 p - 6 potions of haste
 r - 4 potions of mutation
 t - 18 potions of curing
 x - 13 potions of heal wounds
 D - 4 potions of agility
 I - 6 potions of ambrosia
Books
 W - a manual of Spellcasting
Miscellaneous
 u - a phantom mirror
 U - a lightning rod (4/4)
Comestibles
 b - 6 chunks of flesh
 f - 73 rations


   Skills:
 + Level 15.8(20.8) Fighting
   Level 15.3(20.3) Short Blades
   Level 4.1(16.2) Axes
 + Level 16.7(21.9) Maces & Flails
 + Level 3.7(8.7) Throwing
 + Level 11.3(16.3) Armour
 + Level 11.7(16.7) Dodging
 + Level 6.2(11.2) Stealth
 - Level 18.4(23.4) Shields
 * Level 10.8 Spellcasting
 + Level 10.4 Charms
 + Level 0.1 Necromancy
 * Level 4.3 Translocations
 + Level 8.9 Invocations
 + Level 10.2 Evocations


You had 29 spell levels left.
You knew the following spells:

 Your Spells              Type           Power        Failure   Level  Hunger
a - Shroud of Golubria    Chrm/Tloc      ####......   1%          2    None
b - Regeneration          Chrm/Necr      ###.......   4%          3    #......
c - Song of Slaying       Chrm           ####....     1%          2    None
d - Swiftness             Chrm/Air       ###.....     2%          2    None
e - Apportation           Tloc           ###...       2%          1    None
f - Passwall              Tmut/Erth      #.........   22%         2    None
g - Blink                 Tloc           N/A          3%          2    None


Dungeon Overview and Level Annotations

Branches:
Dungeon (15/15)            Temple (1/1) D:4            Lair (6/6) D:8
 Shoals (4/4) Lair:4       Spider (4/4) Lair:2        Slime (1/5) Lair:6
    Orc (2/2) D:12            Elf (3/3) Orc:2        Vaults (5/5) D:14
 Depths (1/5) D:15
  Crypt: Vaults:2-3

Altars:
Ashenzari
Cheibriados
Dithmenos
Elyvilon
Fedhas
Gozag
Kikubaaqudgha
Makhleb
Nemelex Xobeh
Okawaru
Qazlal
Ru
Sif Muna
Trog
Uskayaw
Vehumet
Wu Jian
Xom
Yredelemnul
Zin
The Shining One
Beogh

Shops:
D:8 [[[([   D:11 ?   Orc:1 %   Orc:2 ??**!(   Elf:1 ==}   Elf:3 (   Vaults:3 [
Vaults:4 :![   Depths:1 %%!(

Portals:
Hell: Depths:1
Trove: D:11 (give 18 potions of curing)

Annotations:
D:6 exclusion: statue
Shoals:1 ring rN
Shoals:2 lots of amnesia, 1 exclusion
Shoals:3 cold resist ring
Shoals:4 demon trident % box for ally need evo up also manual staves
Elf:2 ex axe
Vaults:5 topfpfpflanze's ghost, veteran DEEE


Innate Abilities, Weirdness & Mutations

You are resistant to torment.
Your stone body is resilient. (AC +17)
You are immune to poison.
Your large and strong wings let you fly indefinitely.
You resist negative energy. (rN+)
You are resistant to electric shocks. (rElec)
You can survive without breathing.
You are immune to petrification.
You are immune to rotting.
Your flesh is cold resistant. (rC+)
You are resistant to hostile enchantments. (MR+)


Message History

Your magical contamination has completely faded away.
There is a stone staircase leading up here.
You see here a large rock.
You completely miss topfpfpflanze's ghost.
You bludgeon topfpfpflanze's ghost!!
Topfpfpflanze's ghost is lightly damaged.
Topfpfpflanze's ghost hits you but does no damage.
You completely miss topfpfpflanze's ghost.
Topfpfpflanze's ghost is lightly damaged.
Topfpfpflanze's ghost casts a spell at you.
The crystal spear misses you.
You miss topfpfpflanze's ghost.
Topfpfpflanze's ghost is lightly damaged.
You hit topfpfpflanze's ghost.
Topfpfpflanze's ghost is lightly damaged.
Topfpfpflanze's ghost gestures wildly while chanting.
The dungeon rumbles around topfpfpflanze's ghost!
You shudder from the earth-shattering force.
Ouch! That really hurt!
You die...

.#.....%...#....# ....#
#....%.(.(.#.%.%##...#
........([[#....#...#
.[.....((%[[..)%%.%#
##########%[%.%(..##########
..[%[[))......((..%%.
.?..%[<<).))†........
..([[<.)<)..%[.!.....
%..)%[W@.)%)()....%..
###.%..%..%)#(##..#.#
...%.%..).)))).. .#
##..#.%.%†..)..%. ..
#..#....#.(..%%#. .. #.
#%.........#. . .
#...%#....#. #....#.%.#.


You could see topfpfpflanze's ghost.

Vanquished Creatures
  Boris (Vaults:2)
  A golden dragon (Vaults:5)
  Arachne (Spider:3)
  A bone dragon (Vaults:2)
  Jorgrun (Vaults:1)
  A tentacled monstrosity (Vaults:5)
  Asterion (Spider:2)
  3 deep elf blademasters (Elf:3)
  3 titans
  A quicksilver dragon (Vaults:5)
  A lich (Vaults:5)
  An acid blob (Slime:1)
  A deep elf master archer (Elf:3)
  3 sphinxes
  Frances (D:13)
  Agnes (Elf:1)
  A tengu reaver (Vaults:5)
  Roxanne (Elf:1)
  Ilsuiw (Shoals:4)
  Donald (Spider:3)
  5 deep elf sorcerers
  An iron dragon (Vaults:5)
  3 fire giants
  A juggernaut zombie (Depths:1)
  10 vault wardens
  Aizul (Elf:2)
  6 frost giants
  6 deep elf elementalists
  7 emperor scorpions
  Louise (Elf:1)
  A war gargoyle (Vaults:5)
  11 ironheart preservers
  10 stone giants
  4 very ugly things (Vaults:4)
  5 deep elf demonologists
  7 entropy weavers
  13 deep elf annihilators
  Azrael (D:12)
  The ghost of DildoBatman the Bewitcher, a journeyman FoEn of Sif Muna (Lair:6)
  A spark wasp (Spider:4)
  3 merfolk javelineers (Shoals:4)
  3 jiangshi (Depths:1)
  Snorg (D:11)
  5 merfolk impalers
  8 ettins
  Josephine (D:10)
  4 fire dragons
  3 deep elf death magi (Elf:3)
  A deep elf high priest (Elf:3)
  6 ogre magi
  2 great orbs of eyes
  12 yaktaur captains
  3 ice dragons
  26 vault guards
  4 hydras
  4 merfolk avatars
  An alligator snapping turtle (Shoals:4)
  29 two-headed ogres
  6 centaur warriors
  A satyr (Shoals:3)
  Erica (D:11)
  The ghost of DobroLive the Cleaver, a novice DDFi of Makhleb (D:9)
  6 catoblepae
  8 merfolk aquamancers (Shoals:4)
  A queen ant (Spider:2)
  5 death knights
  A deep troll shaman (Depths:1)
  23 dancing weapons
  3 deep troll earth magi
  2 tengu warriors
  5 death yaks (Lair:6)
  A vampire mage (Depths:1)
  Urug (D:12)
  6 hell knights
  8 death scarabs (Spider:4)
  An orc high priest (Elf:2)
  24 deep elf knights
  Nergalle (Lair:1)
  A storm dragon zombie (Vaults:3)
  A shadow wraith (Vaults:2)
  A spectral emperor scorpion (Spider:4)
  8 sea snakes
  6 skeletal warriors
  12 deep trolls
  8 unseen horrors
  2 flayed ghosts (Vaults:4)
  9 ironbrand convokers
  21 deep elf archers
  22 harpies
  9 orc knights
  5 spectral wolf spiders (Spider:4)
  4 phantasmal warriors
  A stone giant zombie (Vaults:3)
  37 wolf spiders
  4 wizards
  A frost giant zombie (Depths:1)
  A salamander (shapeshifter) (D:10)
  13 ugly things
  11 fauns
  11 orc sorcerers
  2 necromancers
  6 elephants (Lair:6)
  72 deep elf magi
  4 oklob plants (Lair:4)
  21 orb spiders
  18 cyclopes
  12 manticores
  2 moths of wrath
  8 water nymphs
  Joseph (D:7)
  6 black mambas
  8 merfolk sirens
  13 vault sentinels
  Psyche (D:11)
  6 spiny frogs
  2 torpor snails
  5 gargoyles
  3 kobold demonologists
  A yaktaur zombie (Vaults:3)
  A human zombie (Vaults:3)
  A komodo dragon (shapeshifter) (Elf:3)
  An efreet (D:13)
  8 komodo dragons
  36 yaktaurs
  13 freezing wraiths
  3 redback zombies
  A rime drake (Lair:3)
  A spectral redback (Spider:4)
  14 demonic crawlers
  2 tengu conjurers
  An entropy weaver simulacrum (Vaults:2)
  A queen bee (shapeshifter) (Elf:3)
  45 jumping spiders
  9 trolls
  10 hornets
  3 meliai (D:15)
  4 spectral tarantellas (Spider:4)
  A queen bee (D:11)
  23 merfolk
  3 jumping spider zombies (Spider:4)
  4 wind drakes
  5 spectral jumping spiders (Spider:4)
  39 slime creatures
  8 snapping turtles
  5 blink frogs (Lair:2)
  A tarantella zombie (Spider:4)
  3 harpy skeletons (Volcano)
  Prince Ribbit (D:6)
  An ice dragon zombie (Depths:1)
  2 dream sheep (Shoals:4)
  A fire dragon zombie (Depths:1)
  90 redbacks
  5 hippogriffs
  A fire dragon skeleton (Depths:1)
  5 water elementals
  4 alligator skeletons (Volcano)
  3 spriggans (shapeshifter)
  45 tarantellas
  5 air elementals
  A vampire (D:13)
  3 flying skulls (Volcano)
  A shadow (D:14)
  47 yaks
  3 basilisks
  A wyvern (Lair:2)
  9 fire elementals
  10 wraiths
  A human (shapeshifter) (D:14)
  A hog (shapeshifter) (Vaults:3)
  4 vampire mosquitoes (D:15)
  2 golden eyes (shapeshifter)
  2 hungry ghosts
  10 wargs
  A soldier ant (shapeshifter) (D:13)
  23 soldier ants
  A deep troll zombie (Vaults:3)
  2 acid dragons
  A floating eye (shapeshifter) (Vaults:5)
  3 hell hounds (D:12)
  6 porcupines
  14 water moccasins
  2 spectral hornets (Spider:4)
  3 black bears
  19 orc warriors
  2 sky beasts (D:15)
  6 ice beasts
  A hornet zombie (Spider:4)
  An eye of draining (shapeshifter) (Depths:1)
  5 phantoms
  9 boggarts
  10 centaurs
  An eye of draining (D:12)
  18 ogres
  8 wolves
  8 crocodiles
  A tengu (shapeshifter) (Vaults:4)
  3 big kobolds
  22 bullfrogs
  An earth elemental (Elf:2)
  A gnoll sergeant (D:9)
  A wyvern skeleton (D:7)
  5 scorpions
  36 killer bees
  2 spriggan skeletons (Volcano)
  A troll skeleton (Volcano)
  2 electric eels
  3 howler monkeys
  A bullfrog zombie (D:13)
  5 crimson imps
  A quasit (D:6)
  5 centaur zombies
  7 centaur skeletons
  12 orc priests
  48 orc wizards
  9 jellies
  Crazy Yiuf (D:7)
  A gnoll shaman (D:5)
  3 hounds
  A bullfrog skeleton (D:5)
  Terence (D:2)
  3 iguanas
  2 hell rats (Lair:6)
  31 worker ants
  A naga skeleton (Volcano)
  3 hound zombies
  A hound skeleton (D:10)
  A howler monkey zombie (D:8)
  15 gnolls
  10 river rats (Lair:6)
  15 adders
  5 shadow imps
  3 ufetubi (Vaults:1)
  An adder zombie (D:6)
  5 worms
  A dart slug (D:2)
  5 leopard geckos
  101 orcs
  7 bats
  5 giant cockroaches
  14 goblins
  A hobgoblin (D:2)
  13 jackals
  14 kobolds
  7 quokkas
  A ball python (D:4)
  7 frilled lizards
  A jackal skeleton (D:7)
  A leopard gecko skeleton (D:6)
  A leopard gecko zombie (D:7)
  A quokka zombie (D:6)
  3 rats (D:2)
  2 crawling corpses (Elf:3)
  A plant (Lair:6)
1824 creatures vanquished.

Vanquished Creatures (collateral kills)
  A deep elf demonologist (Elf:3)
  A deep elf mage (Elf:3)
2 creatures vanquished.

Vanquished Creatures (others)
  2 deep elf master archers (Elf:3)
  A vault warden (Vaults:3)
  A ghost moth (Spider:4)
  A yaktaur captain (Vaults:5)
  A centaur warrior (Depths:1)
  3 deep elf archers
  A faun (Shoals:2)
  A deep elf mage (Elf:2)
  A cyclops (Shoals:4)
  A yaktaur (Vaults:3)
  An air elemental (Elf:3)
  A water elemental (Elf:3)
  A tarantella (Spider:4)
  2 boggarts (Vaults:3)
  4 centaurs (Depths:1)
  2 orc wizards (Orc:2)
  3 orcs (Orc:2)
  6 fungi
  24 plants
57 creatures vanquished.

Grand Total: 1883 creatures vanquished

Notes
Turn   | Place    | Note
-------+----------+-------------------------------------------
     0 | D:1      | DobroLive the Gargoyle Fighter began the quest for the Orb.
     0 | D:1      | Reached XP level 1. HP: 14/14 MP: 1/1
    39 | D:1      | Reached XP level 2. HP: 14/19 MP: 2/2
   812 | D:2      | Noticed Terence
   825 | D:2      | Killed Terence
   825 | D:2      | Reached XP level 3. HP: 19/24 MP: 3/3
   948 | D:2      | Reached XP level 4. HP: 28/29 MP: 4/4
   961 | D:2      | Found a stormy altar of Qazlal.
  1297 | D:2      | Found a deep blue altar of Sif Muna.
  1453 | D:3      | Reached skill level 4 in Shields
  1453 | D:3      | Reached XP level 5. HP: 15/33 MP: 5/5
  2255 | D:4      | Reached XP level 6. HP: 29/38 MP: 6/6
  2266 | D:4      | Noticed a phantom
  2320 | D:4      | Killed a phantom
  2320 | D:4      | Reached skill level 1 in Maces & Flails
  2650 | D:4      | Found a staircase to the Ecumenical Temple.
  2680 | Temple   | Entered the Ecumenical Temple
  2815 | Temple   | Became a worshipper of Warmaster Okawaru
  2854 | D:4      | Noticed a phantom
  2871 | D:4      | Reached skill level 5 in Shields
  2882 | D:4      | Reached XP level 7. HP: 12/44 MP: 7/7
  3249 | D:5      | Entered Level 5 of the Dungeon
  3284 | D:5      | Reached * piety under Okawaru
  3284 | D:5      | Reached skill level 1 in Dodging
  3451 | D:5      | Reached XP level 8. HP: 42/48 MP: 8/8
  3634 | D:5      | Reached skill level 5 in Fighting
  3634 | D:5      | Reached skill level 6 in Shields
  3982 | D:6      | Reached skill level 5 in Armour
  4042 | D:6      | Found a radiant altar of Vehumet.
  4122 | D:6      | Reached skill level 5 in Maces & Flails
  4342 | D:6      | Reached skill level 1 in Invocations
  4540 | D:6      | Reached XP level 9. HP: 53/54 MP: 6/9
  4594 | D:6      | Found a sacrificial altar of Ru.
  4726 | D:6      | Noticed Prince Ribbit
  4773 | D:6      | Reached skill level 7 in Shields
  4846 | D:6      | Killed Prince Ribbit
  4852 | D:6      | Got a brightly glowing leather armour
  4863 | D:6      | Identified the cursed +1 leather armour "Ubbipy" {*Drain rCorr SInv} (You found it on level 6 of the Dungeon)
  5208 | D:7      | Noticed Joseph
  5251 | D:7      | Killed Joseph
  5251 | D:7      | Reached ** piety under Okawaru
  5528 | D:8      | Found Jeeqob's Armour Shop.
  6159 | D:7      | Reached skill level 8 in Shields
  6246 | D:7      | Found a bloodstained altar of Trog.
  6357 | D:7      | Reached XP level 10. HP: 57/61 MP: 8/11
  6576 | D:7      | Found a burning altar of Makhleb.
  6736 | D:7      | Found a runed door.
  6740 | D:7      | Noticed Crazy Yiuf
  6750 | D:7      | Killed Crazy Yiuf
  6879 | D:8      | Found Vicij's Armour Shoppe.
  6916 | D:8      | Noticed a purple ugly thing
  6940 | D:8      | Killed a purple ugly thing
  6940 | D:8      | Reached *** piety under Okawaru
  6940 | D:8      | Reached skill level 9 in Shields
  7130 | D:8      | Found Qumnapne's Armour Shop.
  7144 | D:8      | Bought a +1 helmet of see invisible for 247 gold pieces
  7162 | D:8      | Found Said Agoef's Antique Weapon Shop.
  7261 | D:8      | Found Reik's Antique Armour Emporium.
  7409 | D:8      | Found a staircase to the Lair.
  7440 | D:8      | Found a snail-covered altar of Cheibriados.
  7894 | D:9      | Got a warped rapier
  7895 | D:9      | Identified the +8 rapier of War {elec, Fragile Int+3} (You found it on level 9 of the Dungeon)
  8188 | D:9      | Reached **** piety under Okawaru
  8194 | D:9      | Reached skill level 1 in Short Blades
  8194 | D:9      | Reached skill level 10 in Shields
  8345 | D:9      | Noticed DobroLive's ghost (novice DDFi)
  8361 | D:9      | Killed DobroLive's ghost
  8361 | D:9      | Reached XP level 11. HP: 67/67 MP: 10/12
  8769 | D:10     | Entered Level 10 of the Dungeon
  8786 | D:10     | Noticed Josephine
  8803 | D:10     | Noticed a two-headed ogre
  8921 | D:10     | Noticed a two-headed ogre
  8930 | D:10     | Killed a two-headed ogre
  9197 | D:10     | Found the ring of the Octopus King
  9204 | D:10     | Got a ring of the Octopus King
  9206 | D:10     | Identified a ring of the Octopus King {MP+9 AC+1 EV+1 Str+1 Int+1 Dex+1} (You found it on level 10 of the Dungeon)
  9284 | D:10     | Noticed an unseen horror
  9297 | D:10     | Killed an unseen horror
  9297 | D:10     | Reached ***** piety under Okawaru
  9387 | D:10     | Killed Josephine
  9387 | D:10     | Reached skill level 5 in Short Blades
  9522 | D:10     | Reached skill level 1 in Evocations
  9593 | D:10     | Noticed a salamander
  9605 | D:10     | Killed a salamander
  9605 | D:10     | Received a gift from Okawaru
  9608 | D:10     | Got a pair of spiked boots {god gift}
  9614 | D:10     | Identified the +2 pair of boots "Beosacwefe" {*Drain rElec rCorr} (Okawaru gifted it to you on level 10 of the Dungeon)
  9732 | D:11     | Found a portal to a secret trove of treasure.
  9814 | D:11     | Noticed a red ugly thing
  9833 | D:11     | Killed a red ugly thing
  9908 | D:11     | Got a pitted falchion
  9956 | D:11     | Noticed a sun demon
 10008 | D:11     | Reached XP level 12. HP: 45/74 MP: 14/14
 10193 | D:11     | Reached skill level 11 in Shields
 10327 | D:11     | Noticed Snorg
 10375 | D:11     | Killed Snorg
 10561 | D:11     | Reached skill level 1 in Stealth
 10591 | D:11     | Noticed Erica
 10599 | D:11     | Noticed Psyche
 10610 | D:11     | Killed Erica
 10613 | D:11     | Killed Psyche
 10629 | D:11     | Found Qengahuo's Magic Scroll Boutique.
 10638 | D:11     | Bought a scroll of identify for 28 gold pieces
 10638 | D:11     | Bought a scroll of identify for 28 gold pieces
 10638 | D:11     | Identified the cursed +2 falchion of Offence {vamp, *Noise Int+3 Dex+4 SInv} (You found it on level 11 of the Dungeon)
 10669 | D:12     | Noticed a soul eater
 10783 | D:12     | Reached skill level 1 in Throwing
 10963 | D:12     | Noticed Azrael
 10996 | D:12     | Received a gift from Okawaru
 11008 | D:12     | Killed Azrael
 11032 | D:12     | Got a pair of crude gloves {god gift}
 11043 | D:12     | Identified the +0 pair of gloves of an ossuary {Slay+2} (Okawaru gifted it to you on level 12 of the Dungeon)
 11130 | D:12     | Noticed Urug
 11145 | D:12     | Killed Urug
 11505 | D:12     | Found a staircase to the Orcish Mines.
 11531 | D:12     | Reached XP level 13. HP: 79/80 MP: 16/16
 11934 | D:13     | Reached skill level 10 in Short Blades
 12134 | D:13     | Reached skill level 12 in Shields
 12169 | D:13     | Received a gift from Okawaru
 12182 | D:13     | Noticed Frances
 12187 | D:13     | Gained mutation: You tend to lose your temper in combat. [a neqoxec]
 12307 | D:13     | Killed Frances
 12455 | D:13     | Identified the Papyrus of Dhcmrlchtdj
 12466 | D:13     | Identified Sif Muna's Grimoire of Combed Thunderclap
 12475 | D:13     | Identified the Tome of Axaxaxas mlö
 12881 | D:8      | Bought the cursed +1 ring mail "Vucu" {rC++ MR+++ Regen+ Str-5} for 405 gold pieces
 12933 | Lair:1   | Entered Level 1 of the Lair of Beasts
 12938 | Lair:1   | Reached skill level 5 in Invocations
 12990 | Lair:1   | Reached skill level 10 in Fighting
 13029 | Lair:1   | Noticed Nergalle
 13046 | Lair:1   | Killed Nergalle
 13620 | Lair:2   | Found a hole to the Spider Nest.
 14276 | Lair:2   | Gained mutation: Your large and strong wings let you fly indefinitely. [Gargoyle growth]
 14276 | Lair:2   | Reached XP level 14. HP: 88/88 MP: 17/17
 14525 | Spider:1 | Entered Level 1 of the Spider Nest
 14819 | Spider:2 | Noticed an entropy weaver
 14854 | Spider:2 | Killed an entropy weaver
 14886 | Spider:2 | Noticed an entropy weaver
 14934 | Spider:2 | Killed an entropy weaver
 14934 | Spider:2 | Reached ****** piety under Okawaru
 14956 | Spider:2 | Received a gift from Okawaru
 15017 | Spider:2 | Noticed Asterion
 15039 | Spider:2 | Noticed a cacodemon
 15040 | Spider:2 | Killed Asterion
 15278 | Spider:2 | Noticed an emperor scorpion
 15303 | Spider:2 | Killed an emperor scorpion
 15303 | Spider:2 | Reached skill level 5 in Dodging
 15303 | Spider:2 | Reached skill level 13 in Shields
 15413 | Spider:2 | Noticed an emperor scorpion
 15439 | Spider:2 | Killed an emperor scorpion
 15463 | Spider:2 | Reached XP level 15. HP: 95/95 MP: 19/19
 16218 | Spider:1 | Received a gift from Okawaru
 17182 | Spider:3 | Noticed Arachne
 17433 | Spider:3 | Noticed Donald
 17445 | Spider:3 | Killed Donald
 17470 | Spider:3 | Killed Arachne
 17637 | Spider:3 | Identified a scroll of acquirement
 17841 | Spider:3 | Learned a level 2 spell: Shroud of Golubria
 18157 | Spider:4 | Entered Level 4 of the Spider Nest
 18196 | Spider:4 | Received a gift from Okawaru
 18196 | Spider:4 | Reached XP level 16. HP: 92/101 MP: 20/20
 18234 | Spider:4 | Got a distressingly furry cloak
 18245 | Spider:4 | Identified the +0 cloak of Panuisos {rElec rN+++ Int-3 Stlth+} (You acquired it on level 4 of the Spider Nest)
 18518 | Spider:4 | Reached skill level 14 in Shields
 18674 | Spider:4 | Received a gift from Okawaru
 19791 | Spider:4 | Received a gift from Okawaru
 19791 | Spider:4 | Reached skill level 15 in Shields
 19791 | Spider:4 | Reached XP level 17. HP: 108/108 MP: 22/22
 19871 | Spider:4 | Got a gossamer rune of Zot
 20490 | Lair:3   | Learned a level 3 spell: Regeneration
 20493 | Lair:3   | Learned a level 2 spell: Song of Slaying
 20495 | Lair:3   | Got a translucent morningstar
 20839 | Lair:3   | Identified the +11 morningstar of Perfectionism {freeze, rPois Dex+3} (You found it on level 3 of the Lair of Beasts)
 21550 | Lair:4   | Reached skill level 1 in Charms
 21848 | Lair:4   | Found a staircase to the Shoals.
 22078 | Lair:5   | Found a dark tunnel.
 22087 | Volcano  | Entered a volcano
 22175 | Volcano  | Received a gift from Okawaru
 22854 | Lair:5   | Learned a level 2 spell: Swiftness
 22904 | Lair:6   | Entered Level 6 of the Lair of Beasts
 22904 | Lair:6   | Found a staircase to the Slime Pits.
 22968 | Lair:6   | Noticed DildoBatman's ghost (journeyman FoEn)
 22985 | Lair:6   | Killed DildoBatman's ghost
 23071 | Lair:6   | Learned a level 1 spell: Apportation
 23929 | Slime:1  | Entered Level 1 of the Pits of Slime
 24015 | Slime:1  | Noticed an acid blob
 24027 | Slime:1  | Killed an acid blob
 24029 | Slime:1  | Noticed an acid blob
 24182 | Shoals:1 | Entered Level 1 of the Shoals
 24279 | Shoals:1 | Received a gift from Okawaru
 24334 | Shoals:1 | Reached skill level 10 in Dodging
 24618 | Shoals:1 | Reached XP level 18. HP: 116/116 MP: 23/23
 24778 | Shoals:2 | Reached skill level 16 in Shields
 25489 | Shoals:3 | Received a gift from Okawaru
 25641 | Shoals:3 | Noticed a titan
 25707 | Shoals:3 | Killed a titan
 25744 | Shoals:3 | Identified Otiseng's Further Progress in Witchery
 26045 | Shoals:4 | Entered Level 4 of the Shoals
 26049 | Shoals:4 | Noticed Ilsuiw
 26074 | Shoals:4 | Killed Ilsuiw
 26078 | Shoals:4 | Reached skill level 5 in Charms
 26341 | Shoals:4 | Reached skill level 15 in Short Blades
 26373 | Shoals:4 | Reached skill level 5 in Evocations
 26446 | Shoals:4 | Got a barnacled rune of Zot
 27041 | Shoals:4 | Reached XP level 19. HP: 101/122 MP: 24/24
 27234 | Shoals:2 | You are sucked into a shaft!
 27619 | Orc:1    | Entered Level 1 of the Orcish Mines
 27619 | Orc:1    | Found a roughly hewn altar of Beogh.
 27912 | Orc:1    | Found Muqenaf's Food Boutique.
 27972 | Orc:2    | Entered Level 2 of the Orcish Mines
 28089 | Orc:2    | Found a roughly hewn altar of Beogh.
 28110 | Orc:2    | Found Ocvybed's General Store.
 28112 | Orc:2    | Found Naobi's Magic Scroll Emporium.
 28135 | Orc:2    | Received a gift from Okawaru
 28136 | Orc:2    | Found the +8 longbow "Zephyr" {speed, Dex+3 SInv}
 28160 | Orc:2    | Bought a potion of curing for 39 gold pieces
 28160 | Orc:2    | Bought a potion of curing for 39 gold pieces
 28174 | Orc:2    | Found Xiurah's Magic Scroll Emporium.
 28260 | Orc:2    | Found a staircase to the Elven Halls.
 28501 | Orc:2    | Found Juaxiv's Antique Weapon Shop.
 28726 | Orc:2    | Found Tastax's Distillery.
 28745 | Orc:2    | Bought a potion of curing for 42 gold pieces
 28745 | Orc:2    | Bought a potion of heal wounds for 70 gold pieces
 28745 | Orc:2    | Bought a potion of heal wounds for 70 gold pieces
 28745 | Orc:2    | Bought a potion of heal wounds for 70 gold pieces
 28745 | Orc:2    | Bought a potion of curing for 42 gold pieces
 28745 | Orc:2    | Bought a potion of heal wounds for 70 gold pieces
 28745 | Orc:2    | Bought a potion of curing for 42 gold pieces
 28751 | Orc:2    | Found Zuymoh's General Store.
 28768 | Orc:2    | Bought a wand of random effects (29) for 155 gold pieces
 28993 | Elf:1    | Entered Level 1 of the Elven Halls
 29060 | Elf:1    | Noticed Roxanne
 29194 | Elf:1    | Reached skill level 1 in Spellcasting
 29254 | Elf:1    | Reached skill level 17 in Shields
 29266 | Elf:1    | Identified the Catalogue of Summoning
 29470 | Elf:1    | Noticed Agnes
 29482 | Elf:1    | Noticed Louise
 29486 | Elf:1    | Killed Agnes
 29486 | Elf:1    | Received a gift from Okawaru
 29509 | Elf:1    | Killed Louise
 29765 | Elf:1    | Killed Roxanne
 29766 | Elf:1    | Identified Roxanne's Tome of Shape Shifting (You took it off Roxanne on level 1 of the Elven Halls)
 29771 | Elf:1    | Learned a level 2 spell: Passwall
 30141 | Elf:1    | Found Mopnatru's Jewellery Shop.
 30142 | Elf:1    | Found Vonidd's Gadget Emporium.
 30144 | Elf:1    | Found Ujererr's Jewellery Shop.
 30186 | Elf:1    | Bought a +6 ring of protection for 1248 gold pieces
 30285 | Elf:2    | Got a brightly glowing rapier
 30286 | Elf:2    | Identified the +8 rapier of Valour {antimagic, +Fly rN+ Str+3} (You found it on level 2 of the Elven Halls)
 30479 | Elf:2    | Found a runed gate.
 30479 | Elf:2    | Found a runed gate.
 30479 | Elf:2    | Found a runed gate.
 30782 | Elf:2    | Noticed Aizul
 30816 | Elf:2    | Killed Aizul
 30844 | Elf:2    | Reached skill level 10 in Maces & Flails
 30992 | Elf:2    | Received a gift from Okawaru
 31017 | Elf:2    | Reached XP level 20. HP: 94/128 MP: 25/25
 31136 | Elf:3    | Entered Level 3 of the Elven Halls
 31208 | Elf:3    | Found Wicsylli's Weapon Shoppe.
 31847 | Elf:3    | Received a gift from Okawaru
 31972 | Elf:3    | Found the +5 robe of Night {Dark MR+ SInv}
 32172 | Elf:3    | Identified the Papyrus of Toxic Shape Shifting
 32210 | Elf:3    | Got a fine short sword {protect}
 32211 | Elf:3    | Identified the +6 short sword "Liadgh Camesm" {protect, rElec rPois Stlth+} (You took it off a deep elf annihilator on level 3 of the Elven Halls)
 32237 | Elf:3    | Found the +7 captain's cutlass {speed, disarm}
 32251 | Elf:3    | Identified Mimon's Catalogue of Harmful Toxins
 32327 | Elf:3    | Got a shimmering scale mail
 32328 | Elf:3    | Identified the +1 scale mail of Bah Xur {rN+ Slay+2} (You found it on level 3 of the Elven Halls)
 32376 | Elf:3    | Lost mutation: You tend to lose your temper in combat. [potion of mutation]
 32376 | Elf:3    | Gained mutation: You are resistant to hostile enchantments. (MR+) [potion of mutation]
 32376 | Elf:3    | Gained mutation: Your flesh is cold resistant. (rC+) [potion of mutation]
 32456 | Elf:3    | Got a bloodstained mace
 32462 | Elf:3    | Identified Sif Muna's Collected Works on Battle Magic
 32480 | Elf:3    | Identified the +6 mace of Parts Unknown {vamp, rN+ Dex+4 Stlth+} (You found it on level 3 of the Elven Halls)
 32586 | Elf:3    | Got a twisted cloak {god gift}
 32597 | Elf:3    | Identified the +2 cloak "Gokle" {Dex+5 Stlth+} (Okawaru gifted it to you on level 3 of the Elven Halls)
 33303 | D:14     | Found a white marble altar of Elyvilon.
 33423 | D:14     | Found a gate to the Vaults.
 33610 | D:15     | Entered Level 15 of the Dungeon
 33853 | D:15     | Got a pair of distressingly furry gloves
 33864 | D:15     | Identified the +1 pair of gloves of Narcissism {Int+3} (You found it on level 15 of the Dungeon)
 34149 | D:15     | Reached XP level 21. HP: 105/133 MP: 27/27
 34507 | D:15     | Found a staircase to the Depths.
 34520 | Depths:1 | Entered Level 1 of the Depths
 34819 | Depths:1 | Found a gateway to Hell.
 34904 | Depths:1 | Found Jeotomom's Food Emporium.
 34952 | Depths:1 | Reached skill level 18 in Shields
 35006 | Depths:1 | Reached skill level 5 in Spellcasting
 35257 | Depths:1 | Received a gift from Okawaru
 35353 | Depths:1 | Found Puutz's Distillery.
 35361 | Depths:1 | Bought a potion of curing for 57 gold pieces
 35361 | Depths:1 | Bought a potion of curing for 57 gold pieces
 35361 | Depths:1 | Bought a potion of heal wounds for 95 gold pieces
 35432 | Depths:1 | Found Roeq Nej's Antique Weapon Boutique.
 35703 | Depths:1 | Received a gift from Okawaru
 35788 | Depths:1 | Found Wuobawuy's Food Shop.
 36065 | Vaults:1 | Entered Level 1 of the Vaults
 36122 | Vaults:1 | Reached skill level 5 in Stealth
 36242 | Vaults:1 | Received a gift from Okawaru
 36278 | Vaults:1 | Got a scorched scale mail {god gift}
 36279 | Vaults:1 | Identified the +1 scale mail "Beycupp" {rF+ MR+ Dex+2 Slay-4} (Okawaru gifted it to you on level 1 of the Vaults)
 36660 | Vaults:1 | Noticed Jorgrun
 36669 | Vaults:1 | Killed Jorgrun
 37014 | Vaults:1 | Reached skill level 10 in Armour
 37105 | Vaults:1 | Reached XP level 22. HP: 102/139 MP: 32/32
 37583 | Vaults:2 | Noticed Boris
 37595 | Vaults:2 | Killed Boris
 37595 | Vaults:2 | Reached skill level 15 in Maces & Flails
 37637 | Vaults:2 | Received a gift from Okawaru
 38160 | Vaults:2 | Received a gift from Okawaru
 38593 | Vaults:3 | Reached skill level 1 in Translocations
 38751 | Vaults:3 | Found Taprab's Armour Emporium.
 39436 | Vaults:3 | Reached skill level 15 in Fighting
 39444 | Vaults:3 | Reached skill level 10 in Charms
 40171 | Vaults:4 | Received a gift from Okawaru
 40228 | Vaults:4 | Got a sheer robe {god gift}
 40229 | Vaults:4 | Identified the +2 robe of Egalitarianism {rElec rC+ Regen+} (Okawaru gifted it to you on level 4 of the Vaults)
 40479 | Vaults:4 | Reached XP level 23. HP: 144/144 MP: 36/36
 40634 | Vaults:4 | Found Asomp's Antique Armour Boutique.
 40643 | Vaults:4 | Bought a transparent buckler for 237 gold pieces
 40655 | Vaults:4 | Identified the +0 buckler "Huech" {*Drain rPois rF+++ rC+} (You bought it in a shop on level 4 of the Vaults)
 40711 | Vaults:4 | Found Nyicwid's Distillery.
 40942 | Vaults:4 | Found Deroyklym's Magic Scroll Shoppe.
 41009 | Vaults:4 | Reached skill level 10 in Evocations
 41150 | Vaults:4 | Found Xiom's Book Shoppe.
 41156 | Vaults:4 | Bought a book of Minor Magic for 440 gold pieces
 41164 | Vaults:4 | Learned a level 2 spell: Blink
 41505 | Vaults:5 | Entered Level 5 of the Vaults
 41549 | Vaults:5 | Reached skill level 10 in Spellcasting
 41710 | Vaults:5 | Received a gift from Okawaru
 41730 | Vaults:5 | Noticed a golden dragon
 41743 | Vaults:5 | Killed a golden dragon
 41759 | Vaults:5 | Noticed topfpfpflanze's ghost (veteran DEEE)
 41768 | Vaults:5 | Killed from afar by topfpfpflanze's ghost

Skill      XL: |  1  2  3  4  5  6  7  8  9 10 11 12 13 14 15 16 17 18 19 20 21 22 23 |
---------------+----------------------------------------------------------------------+-----
Axes           | 2 3 4 |  4.1
Shields        | 4 5 6 8 10 11 12 13 15 16 17 18 | 18.4
Fighting       | 4 5 6 7 8 9 10 11 12 13 14 15 | 15.8
Armour         | 4 5 6 7 8 9 10 11 | 11.3
Maces & Flails | 2 3 6 7 9 10 13 14 16 | 16.7
Dodging        | 1 3 5 7 9 10 11 | 11.7
Invocations    | 1 2 3 4 5 6 7 8 |  8.9
Short Blades   | 2 6 9 11 12 13 14 15 | 15.3
Evocations     | 1 2 3 5 7 8 9 10 | 10.2
Stealth        | 1 2 3 4 5 6 |  6.2
Throwing       | 1 2 3 |  3.7
Charms         | 3 6 7 8 9 10 | 10.4
Spellcasting   | 2 3 6 9 10 | 10.8
Translocations | 1 4 |  4.3
Necromancy     | |  0.1

Action                   |  1- 3 |  4- 6 |  7- 9 | 10-12 | 13-15 | 16-18 | 19-21 | 22-24 || total
-------------------------+-------+-------+-------+-------+-------+-------+-------+-------++-------
Melee: War axe           |    62 |   214 |       |       |       |       |       |       ||   276
       Mace              |       |    78 |   603 |   291 |       |       |  1107 |       ||  2079
       Rapier            |       |       |       |   601 |  1324 |  2098 |   588 |       ||  4611
       Morningstar       |       |       |       |       |       |       |   676 |   888 ||  1564
Throw: Tomahawk          |       |       |       |     6 |    28 |    30 |       |       ||    64
       Javelin           |       |       |       |       |     8 |    22 |    13 |     9 ||    52
 Cast: Shroud of Golubri |       |       |       |       |     1 |     1 |     5 |     6 ||    13
       Song of Slaying   |       |       |       |       |       |       |    15 |     9 ||    24
       Swiftness         |       |       |       |       |       |       |     6 |     1 ||     7
       Regeneration      |       |       |       |       |       |       |     5 |     4 ||     9
       Blink             |       |       |       |       |       |       |       |     2 ||     2
Invok: Heroism           |       |       |    26 |    31 |    34 |    34 |    42 |     6 ||   173
       Finesse           |       |       |       |     2 |    12 |     6 |    15 |     3 ||    38
 Abil: Fly               |       |       |       |       |     1 |       |       |       ||     1
       Stop Flying       |       |       |       |       |       |       |       |     1 ||     1
Evoke: Wand              |       |       |       |    16 |    30 |    25 |    10 |     7 ||    88
       Lightning rod     |       |       |       |       |       |       |    14 |     8 ||    22
       Phial of floods   |       |       |       |       |       |       |     2 |       ||     2
  Use: Scroll            |       |       |     5 |     9 |    17 |    17 |    12 |     5 ||    65
       Potion            |       |       |     1 |     1 |     2 |     1 |     4 |     1 ||    10
 Stab: Paralysed         |       |       |       |       |     2 |       |       |       ||     2
       Sleeping          |       |       |       |       |     1 |     7 |    16 |     4 ||    28
       Petrified         |       |       |       |       |       |     3 |       |       ||     3
       Petrifying        |       |       |       |       |       |     1 |       |       ||     1
       Distracted        |       |       |       |       |       |       |     1 |     1 ||     2
  Eat: Chunk             |       |     7 |    12 |    18 |    22 |    25 |    36 |    14 ||   134
       Ration            |       |       |       |       |       |     2 |     2 |     1 ||     5
Armor: Scale mail        |    28 |       |       |       |       |       |       |       ||    28
       Chain mail        |    16 |     8 |       |       |       |       |       |       ||    24
       Plate armour      |       |   254 |   522 |   411 |    51 |       |       |       ||  1238
       Ring mail         |       |       |       |       |   270 |   442 |   519 |   223 ||  1454
Dodge: Dodged            |    18 |    85 |   312 |   377 |   579 |  1053 |   958 |   391 ||  3773
       Deflected         |       |       |       |       |     2 |    31 |    35 |       ||    68
Block: Shield            |    43 |   181 |   670 |   191 |    58 |  1066 |  1455 |   543 ||  4207
       Buckler           |       |       |       |   265 |   380 |       |       |    55 ||   700
       Large shield      |       |       |       |       |    46 |       |       |       ||    46
       Reflection        |       |       |       |       |     6 |    62 |    91 |    43 ||   202
